TOP OF THE 1ST |
Blueville 83's batting - Pitching for Richmond Flairs : RHP Jack Walker
|
Pitching: RHP Jack Walker
|
|
Batting: RHB Earl Conrad
|
0-0: Ball 1-0: Called Strike 1-1: Ball 2-1: Foul Ball, location: 2F 2-2: Ground out 5-3 (Groundball, 5)
|
Batting: RHB Juan Costello
|
0-0: Called Strike 0-1: Ball 1-1: SINGLE (Line Drive, 7S)
|
Batting: RHB Jorge Rodríguez
|
0-0: Ball 1-0: Called Strike Juan Costello steals 2nd base 1-1: Called Strike 1-2: Foul Ball, location: 2F 1-2: Fly out, F3 (Popup, 4S)
|
Batting: RHB Bryce Hester
|
0-0: Ball 1-0: SINGLE (Groundball, 6) Juan Costello to third Runner from 3rd tries for Home, SAFE, no throw or cutoff
|
Batting: RHB Matt Perkins
|
0-0: Swinging Strike 0-1: Called Strike 0-2: Foul Ball, location: 2F 0-2: Strikes out swinging
|
Top of the 1st over - 1 run(s), 2 hit(s), 0 error(s), 1 left on base; Blueville 1 - Richmond 0 |
BOTTOM OF THE 1ST |
Richmond Flairs batting - Pitching for Blueville 83's : LHP Carlos Thomas
|
Pitching: LHP Carlos Thomas
|
|
Batting: LHB Luis Villa
|
0-0: Ball 1-0: Called Strike 1-1: Ball 2-1: Foul Ball, location: 2F 2-2: Ball 3-2: Foul Ball, location: 2F 3-2: Strikes out looking
|
Batting: RHB Freddy Padilla
|
0-0: Ball 1-0: Ground out 6-3 (Groundball, 6M)
|
Batting: RHB R.J. Crosby
|
0-0: Ball 1-0: Foul Ball, location: 2F 1-1: Ball 2-1: Foul Ball, location: 2F 2-2: Foul Ball, location: 2F 2-2: Ball 3-2: Foul Ball, location: 2F 3-2: Base on Balls
|
Batting: RHB Elliott Johnston
|
0-0: Called Strike 0-1: Foul Ball, location: 2F 0-2: Foul Ball, location: 2F 0-2: Strikes out swinging
|
Bottom of the 1st over - 0 run(s), 0 hit(s), 0 error(s), 1 left on base; Blueville 1 - Richmond 0 |
TOP OF THE 2ND |
Blueville 83's batting - Pitching for Richmond Flairs : RHP Jack Walker
|
Batting: LHB Júlio Velásquez
|
0-0: Foul Ball, location: 2F 0-1: Foul Ball, location: 2F 0-2: Fly out, F7 (Flyball, 7S)
|
Batting: RHB Kuniaki Kawashima
|
0-0: Ball 1-0: Ground out 5-3 (Groundball, 5L)
|
Batting: LHB Cristóbal Cintrón
|
0-0: Foul Ball, location: 2F 0-1: Ball 1-1: Ball 2-1: Swinging Strike 2-2: Strikes out swinging
|
Top of the 2nd over - 0 run(s), 0 hit(s), 0 error(s), 0 left on base; Blueville 1 - Richmond 0 |
BOTTOM OF THE 2ND |
Richmond Flairs batting - Pitching for Blueville 83's : LHP Carlos Thomas
|
Batting: LHB Sean Nicks
|
0-0: Ball 1-0: Foul Ball, location: 2F 1-1: Swinging Strike 1-2: Ball 2-2: Foul Ball, location: 2F 2-2: Ball 3-2: Foul Ball, location: 2F 3-2: SINGLE (Groundball, 4M)
|
Batting: SHB Carlos Reyes
|
0-0: Ball 1-0: Foul Ball, location: 2F 1-1: Ball 2-1: Grounds into double play, 1-6-3 (Groundball, 15S)
|
Batting: LHB Roland Jones
|
0-0: Swinging Strike 0-1: Ball 1-1: Ball 2-1: Fly out, F7 (Flyball, 78S)
|
Bottom of the 2nd over - 0 run(s), 1 hit(s), 0 error(s), 0 left on base; Blueville 1 - Richmond 0 |
TOP OF THE 3RD |
Blueville 83's batting - Pitching for Richmond Flairs : RHP Jack Walker
|
Batting: LHB Robbie McLaughlin
|
0-0: Foul Ball, location: 2F 0-1: Foul Ball, location: 2F 0-2: Ball 1-2: Ball 2-2: Ball 3-2: SINGLE (Line Drive, 78M)
|
Batting: RHB Earl Conrad
|
0-0: Foul Ball, location: 2F 0-1: SINGLE (Groundball, 34) Robbie McLaughlin to second Runner from 2nd tries for 3rd, SAFE, throw made to third
|
Batting: RHB Juan Costello
|
0-0: Called Strike 0-1: Ball 1-1: Ball 2-1: Ball 3-1: Called Strike 3-2: SINGLE (Line Drive, 8LS) Robbie McLaughlin scores Earl Conrad to second
|
Batting: RHB Jorge Rodríguez
|
0-0: Ball 1-0: Ball 2-0: SINGLE (Groundball, 6MD) Earl Conrad to third Juan Costello to second
|
Batting: RHB Bryce Hester
|
0-0: Fly out, F9 (Line Drive, 9M)
|
Batting: RHB Matt Perkins
|
0-0: Ball 1-0: SINGLE (Groundball, 4MD) Earl Conrad scores Juan Costello to third Jorge Rodríguez to second
|
Batting: LHB Júlio Velásquez
|
0-0: Called Strike 0-1: Swinging Strike 0-2: Fly out, F6 (Popup, 5L)
|
Batting: RHB Kuniaki Kawashima
|
0-0: Called Strike 0-1: Ball 1-1: Ball 2-1: Fly out, F6 (Popup, 56D)
|
Top of the 3rd over - 2 run(s), 5 hit(s), 0 error(s), 3 left on base; Blueville 3 - Richmond 0 |
BOTTOM OF THE 3RD |
Richmond Flairs batting - Pitching for Blueville 83's : LHP Carlos Thomas
|
Batting: RHB Christian Hudson
|
0-0: Foul Ball, location: 2F 0-1: Foul Ball, location: 2F 0-2: Strikes out swinging
|
Batting: RHB Tom Carey
|
0-0: Ball 1-0: SINGLE (Line Drive, 7S)
|
Pitching: RHP Félix Rivera
|
|
Batting: LHB Luis Villa
|
0-0: Fly out, F5 (Popup, 25)
|
Batting: RHB Freddy Padilla
|
0-0: Ball Tom Carey steals 2nd base 1-0: Ground out 4-3 (Groundball, 13)
|
Bottom of the 3rd over - 0 run(s), 1 hit(s), 0 error(s), 1 left on base; Blueville 3 - Richmond 0 |
TOP OF THE 4TH |
Blueville 83's batting - Pitching for Richmond Flairs : RHP Jack Walker
|
Batting: LHB Cristóbal Cintrón
|
0-0: Ground out U3 (Groundball, 3)
|
Batting: LHB Robbie McLaughlin
|
0-0: Fly out, F7 (Flyball, 78D)
|
Batting: RHB Earl Conrad
|
0-0: Called Strike 0-1: Ball 1-1: Foul Ball, location: 2F 1-2: Foul Ball, location: 2F 1-2: Foul Ball, location: 2F 1-2: Ball 2-2: Ball 3-2: SINGLE (Groundball, 34D)
|
Batting: RHB Juan Costello
|
0-0: Ball 1-0: Foul Ball, location: 2F 1-1: Foul Ball, location: 2F 1-2: Foul Ball, location: 2F 1-2: Ball 2-2: Ball 3-2: Strikes out swinging
|
Top of the 4th over - 0 run(s), 1 hit(s), 0 error(s), 1 left on base; Blueville 3 - Richmond 0 |
BOTTOM OF THE 4TH |
Richmond Flairs batting - Pitching for Blueville 83's : RHP Félix Rivera
|
Batting: RHB R.J. Crosby
|
0-0: Called Strike 0-1: Ground out 4-3 (Groundball, 4)
|
Batting: RHB Elliott Johnston
|
0-0: Ball 1-0: Foul Ball, location: 2F 1-1: Ball 2-1: Ball 3-1: Fly out, F9 (Flyball, 9S)
|
Batting: LHB Sean Nicks
|
0-0: Swinging Strike 0-1: Ball 1-1: Ball 2-1: Fly out, F9 (Flyball, 9D)
|
Bottom of the 4th over - 0 run(s), 0 hit(s), 0 error(s), 0 left on base; Blueville 3 - Richmond 0 |
TOP OF THE 5TH |
Blueville 83's batting - Pitching for Richmond Flairs : RHP Jack Walker
|
Batting: RHB Jorge Rodríguez
|
0-0: Called Strike 0-1: Called Strike 0-2: Ball 1-2: Strikes out swinging
|
Batting: RHB Bryce Hester
|
0-0: Ball 1-0: Swinging Strike 1-1: Ground out 3-1 (Groundball, 34)
|
Batting: RHB Matt Perkins
|
0-0: Swinging Strike 0-1: Swinging Strike 0-2: Strikes out swinging
|
Top of the 5th over - 0 run(s), 0 hit(s), 0 error(s), 0 left on base; Blueville 3 - Richmond 0 |
BOTTOM OF THE 5TH |
Richmond Flairs batting - Pitching for Blueville 83's : RHP Félix Rivera
|
Pitching: RHP Félix Medina
|
|
Batting: SHB Carlos Reyes
|
0-0: Fly out, F9 (Line Drive, 89M)
|
Batting: LHB Roland Jones
|
0-0: Ball 1-0: Fly out, F8 (Flyball, 8LXD)
|
Batting: RHB Christian Hudson
|
0-0: Called Strike 0-1: Foul Ball, location: 2F 0-2: Foul Ball, location: 2F 0-2: Strikes out looking
|
Bottom of the 5th over - 0 run(s), 0 hit(s), 0 error(s), 0 left on base; Blueville 3 - Richmond 0 |
TOP OF THE 6TH |
Blueville 83's batting - Pitching for Richmond Flairs : RHP Jack Walker
|
Batting: LHB Júlio Velásquez
|
0-0: Ball 1-0: Ball 2-0: Foul Ball, location: 2F 2-1: Foul Ball, location: 2F 2-2: Ball 3-2: SINGLE (Line Drive, 9LM)
|
Batting: RHB Kuniaki Kawashima
|
0-0: SINGLE (Groundball, 56D) Júlio Velásquez to second
|
Batting: LHB Cristóbal Cintrón
|
0-0: Foul Ball, location: 2F 0-1: 3-RUN HOME RUN (Flyball, 9LD), Distance : 329 ft
|
Batting: LHB Robbie McLaughlin
|
0-0: Called Strike 0-1: Ball 1-1: Called Strike 1-2: Strikes out swinging
|
Batting: RHB Earl Conrad
|
0-0: Ball 1-0: Called Strike 1-1: Ball 2-1: Ball 3-1: Swinging Strike 3-2: Fly out, F9 (Flyball, 9M)
|
Batting: RHB Juan Costello
|
0-0: Ball 1-0: Foul Ball, location: 2F 1-1: Ball 2-1: Called Strike 2-2: Foul Ball, location: 2F 2-2: Ground out 6-3 (Groundball, 6M)
|
Top of the 6th over - 3 run(s), 3 hit(s), 0 error(s), 0 left on base; Blueville 6 - Richmond 0 |
BOTTOM OF THE 6TH |
Richmond Flairs batting - Pitching for Blueville 83's : RHP Félix Medina
|
Pitching: RHP José Ruíz
|
|
Batting: RHB Tom Carey
|
0-0: Called Strike 0-1: Ball 1-1: Foul Ball, location: 2F 1-2: Ball 2-2: Strikes out swinging, 2-3 out at first.
|
Batting: LHB Luis Villa
|
0-0: Ball 1-0: Foul Ball, location: 2F 1-1: Bunt for hit - play at first, batter OUT! 1-3
|
Batting: RHB Freddy Padilla
|
0-0: Ball 1-0: Called Strike 1-1: Foul Ball, location: 2F 1-2: Ball 2-2: Strikes out swinging
|
Bottom of the 6th over - 0 run(s), 0 hit(s), 0 error(s), 0 left on base; Blueville 6 - Richmond 0 |
TOP OF THE 7TH |
Blueville 83's batting - Pitching for Richmond Flairs : RHP Jack Walker
|
Pitching: LHP Takaaki Omori
|
|
Batting: RHB Jorge Rodríguez
|
0-0: Ball 1-0: Foul Ball, location: 2F 1-1: Ball 2-1: Foul Ball, location: 2F 2-2: Strikes out swinging
|
Batting: RHB Bryce Hester
|
0-0: Called Strike 0-1: Foul Ball, location: 2F 0-2: Ball 1-2: Strikes out swinging
|
Batting: RHB Matt Perkins
|
0-0: Foul Ball, location: 2F 0-1: Ball 1-1: Swinging Strike 1-2: Foul Ball, location: 2F 1-2: Strikes out swinging
|
Top of the 7th over - 0 run(s), 0 hit(s), 0 error(s), 0 left on base; Blueville 6 - Richmond 0 |
BOTTOM OF THE 7TH |
Richmond Flairs batting - Pitching for Blueville 83's : RHP José Ruíz
|
Pitching: RHP Cody White
|
|
Batting: RHB R.J. Crosby
|
0-0: Ground out 6-3 (Groundball, 6)
|
Batting: RHB Elliott Johnston
|
0-0: Ball 1-0: Ball 2-0: Ball 3-0: Called Strike 3-1: Base on Balls
|
Pitching: LHP Pierre Dumont
|
|
Batting: LHB Sean Nicks
|
0-0: Ball 1-0: Called Strike 1-1: Ball 2-1: DOUBLE (Flyball, 9LS) Elliott Johnston to third Runner from 3rd tries for Home, SAFE, throw made home
|
Pitching: RHP Jim Daniel
|
|
Batting: SHB Carlos Reyes
|
0-0: Called Strike 0-1: Ball 1-1: Called Strike 1-2: Ball 2-2: Ball 3-2: Ground out 4-3 (Groundball, 4) Sean Nicks to third
|
Batting: LHB Roland Jones
|
0-0: Ball 1-0: Swinging Strike 1-1: Ball 2-1: Swinging Strike 2-2: Foul Ball, location: 2F 2-2: Strikes out swinging
|
Bottom of the 7th over - 1 run(s), 1 hit(s), 0 error(s), 1 left on base; Blueville 6 - Richmond 1 |
TOP OF THE 8TH |
Blueville 83's batting - Pitching for Richmond Flairs : LHP Takaaki Omori
|
Batting: LHB Júlio Velásquez
|
0-0: Called Strike 0-1: Foul Ball, location: 2F 0-2: Ball 1-2: Foul Ball, location: 2F 1-2: Ball 2-2: Foul Ball, location: 2F 2-2: Strikes out swinging
|
Batting: RHB Kuniaki Kawashima
|
0-0: Foul Ball, location: 2F 0-1: Ball 1-1: Fly out, F8 (Line Drive, 8RM)
|
Batting: LHB Cristóbal Cintrón
|
0-0: Foul Ball, location: 2F 0-1: Called Strike 0-2: Ball 1-2: SINGLE (Groundball, 34D) (infield hit)
|
Batting: LHB Robbie McLaughlin
|
0-0: Foul Ball, location: 2F 0-1: Ball 1-1: Foul Ball, location: 2F 1-2: Strikes out swinging
|
Top of the 8th over - 0 run(s), 1 hit(s), 0 error(s), 1 left on base; Blueville 6 - Richmond 1 |
BOTTOM OF THE 8TH |
Richmond Flairs batting - Pitching for Blueville 83's : RHP Jim Daniel
|
Batting: RHB Christian Hudson
|
0-0: SINGLE (Groundball, 34D)
|
Batting: RHB Tom Carey
|
0-0: Ball 1-0: DOUBLE (Line Drive, 89M) Christian Hudson to third
|
Batting: LHB Luis Villa
|
0-0: Called Strike 0-1: Ball 1-1: Ball 2-1: Ball 3-1: Called Strike 3-2: 3-RUN HOME RUN (Flyball, 89XD), Distance : 390 ft
|
Batting: RHB Freddy Padilla
|
0-0: Ball 1-0: Ball 2-0: Called Strike 2-1: Ground out 6-3 (Groundball, 6)
|
Batting: RHB R.J. Crosby
|
0-0: Called Strike 0-1: Ball 1-1: Ball 2-1: Called Strike 2-2: Foul Ball, location: 2F 2-2: Foul Ball, location: 2F 2-2: Strikes out swinging
|
Batting: RHB Elliott Johnston
|
0-0: Ball 1-0: Foul Ball, location: 2F 1-1: Ball 2-1: Called Strike 2-2: Ball 3-2: Foul Ball, location: 2F 3-2: Base on Balls
|
Batting: LHB Sean Nicks
|
0-0: Swinging Strike 0-1: Ball 1-1: Swinging Strike 1-2: Ball 2-2: Strikes out swinging
|
Bottom of the 8th over - 3 run(s), 3 hit(s), 0 error(s), 1 left on base; Blueville 6 - Richmond 4 |
TOP OF THE 9TH |
Blueville 83's batting - Pitching for Richmond Flairs : LHP Takaaki Omori
|
Batting: RHB Earl Conrad
|
0-0: Foul Ball, location: 2F 0-1: Ball 1-1: Ball 2-1: Swinging Strike 2-2: SINGLE (Groundball, 6MD)
|
Batting: RHB Juan Costello
|
0-0: Sac Bunt - play at first, batter OUT! 2-4 Earl Conrad to second
|
Batting: RHB Jorge Rodríguez
|
0-0: Intentional Walk
|
Pinch Hitting: RHB Fernando Díaz
|
0-0: Called Strike 0-1: Called Strike 0-2: Strikes out swinging
|
Pinch Hitting: RHB Juan Jose Guevana
|
0-0: Called Strike 0-1: Ball 1-1: Foul Ball, location: 2F 1-2: Strikes out looking
|
Top of the 9th over - 0 run(s), 1 hit(s), 0 error(s), 2 left on base; Blueville 6 - Richmond 4 |
BOTTOM OF THE 9TH |
Richmond Flairs batting - Pitching for Blueville 83's : RHP Jim Daniel
|
Now at 2B: Carlos Carrillo
|
|
Now at 3B: Roberto Sandoval
|
|
Batting: SHB Carlos Reyes
|
0-0: Ball 1-0: Foul Ball, location: 2F 1-1: Ball 2-1: Foul Ball, location: 2F 2-2: Ball 3-2: Base on Balls
|
Batting: LHB Roland Jones
|
0-0: Ball 1-0: Called Strike 1-1: DOUBLE (Flyball, 8LXD) Carlos Reyes to third
|
Pinch Hitting: LHB Frank Geddes
|
0-0: Called Strike 0-1: Ball 1-1: Foul Ball, location: 2F 1-2: Ball 2-2: Ball 3-2: Foul Ball, location: 2F 3-2: SINGLE (Line Drive, 6MD) Carlos Reyes scores Roland Jones to third
|
Pinch Hitting: SHB Adrián Miranda
|
0-0: SINGLE (Groundball, 34D) Roland Jones scores Frank Geddes to second Runner from 2nd tries for 3rd, SAFE, throw made to third
|
Pitching: RHP Dallas Blair
|
|
Batting: LHB Luis Villa
|
0-0: Reached on error, E6 (Groundball, 6M) Frank Geddes scores
|
Monday, December 5th, 2016 - OOTP Baseball 17.12 Build 75
|
|